 Dungeon Crawl Stone Soup version 0.30-a0-358-g0d69a1922f (webtiles) character file.

Game seed: 8716172132780959896

297 b0ghi the Trooper (level 6, -2/56 HPs)
             Began as a Minotaur Fighter on Nov 9, 2022.
             Was an Initiate of Okawaru.
             Slain by a howler monkey (5 damage)
             ... on level 5 of the Dungeon.
             The game lasted 00:04:29 (2771 turns).

b0ghi the Trooper (Minotaur Fighter)                Turns: 2771, Time: 00:04:30

Health: -2/56      AC: 10    Str: 23    XL:     6   Next: 12%
Magic:  5/5        EV:  7    Int:  5    God:    Okawaru [......]
Gold:   168        SH:  4    Dex:  9    Spells: 5/5 levels left

rFire   . . .      SeeInvis .    a - +0 flail
rCold   . . .      Faith    .    c - +0 buckler
rNeg    . . .      Spirit   .    p - +0 chain mail
rPois   .          Reflect  .    (helmet restricted)
rElec   .          Harm     .    s - +0 cloak
rCorr   .          Rampage  .    (no gloves)
Will    .....                    (no boots)
Stlth   ..........               (no amulet)
HPRegen 0.29/turn                (no ring)
MPRegen 0.09/turn                (no ring)

@: no status effects
A: horns 2, retaliatory headbutt
a: Renounce Religion


You were on level 5 of the Dungeon.
You worshipped Okawaru.
Okawaru was noncommittal.
You visited 2 branches of the dungeon, and saw 6 of its levels.

You collected 168 gold pieces.

Inventory:

Hand Weapons
 a - a +0 flail (weapon)
Armour
 c - a +0 buckler (worn)
 p - a +0 chain mail (worn)
 s - a +0 cloak (worn)
Wands
 t - a wand of quicksilver (5)
Scrolls
 e - a scroll of enchant armour {unknown}
 f - 8 scrolls of identify {unknown}
 g - 2 scrolls of noise {unknown}
 h - a scroll of enchant weapon {unknown}
 k - 3 scrolls of poison {unknown}
 l - 2 scrolls of teleportation {unknown}
 u - a scroll of immolation {unknown}
Potions
 b - a potion of berserk rage {unknown}
 d - 3 potions of might
 i - 2 potions of mutation {unknown}
 j - 2 potions of degeneration {unknown}
 m - 2 potions of flight {unknown}
 n - 3 potions of heal wounds {unknown}
 o - a potion of curing {unknown}
 q - 3 potions of lignification {unknown}
 r - a potion of haste {unknown}


   Skills:
 * Level 5.5 Fighting
 * Level 4.8 Maces & Flails
 + Level 4.7 Armour
 + Level 4.8 Shields


You had 5 spell levels left.
You didn't know any spells.
Your spell library contained the following spells:

 Spells                   Type           Power      Damage    Failure   Level
 Beastly Appendage        Tmut           0%         N/A       99%         1
 Cigotuvi's Dreadful Rot  Necr/Pois/Air  0%         N/A       100%        2
 Sublimation of Blood     Necr           0%         N/A       100%        2
 Wereblood                Tmut           0%         N/A       100%        2
 Spider Form              Tmut/Pois      0%         N/A       100%        3
 Dispel Undead            Necr           0%         3d6       100%        4
 Blade Hands              Tmut           0%         N/A       100%        5
 Iron Shot                Conj/Erth      0%         9d1       100%        6
 Animate Armour           Summ/Erth      Unusable   N/A       N/A         4
 Death Channel            Necr           Unusable   N/A       N/A         6
 Summon Hydra             Summ           Unusable   N/A       N/A         7

Dungeon Overview and Level Annotations

Branches:
Dungeon (5/15)             Temple (1/1) D:4

Altars:
Ashenzari
Cheibriados
Dithmenos
Elyvilon
Fedhas
Gozag
Hepliaklqana
Kikubaaqudgha
Makhleb
Nemelex Xobeh
Okawaru
Qazlal
Ru
Sif Muna
Wu Jian
Xom
Zin

Annotations:
D:5 Grinder, Pikel


Innate Abilities, Weirdness & Mutations

You have a pair of horns on your head.
You reflexively headbutt those who attack you in melee.


Message History

The lemure hits you but does no damage.
You hit the lemure but do no damage.
The lemure is heavily wounded.
The lemure hits you!
* * * LOW HITPOINT WARNING * * *
You barely miss the lemure.
The lemure is heavily wounded.
The lemure hits you but does no damage.
The howler monkey hoots and howls with incredible vigour!
You hear a shout!
You hear a bark!
You hear a shout! x2
You closely miss the lemure.
The lemure is heavily wounded.
The lemure hits you but does no damage.
You miss the lemure. Your headbutt misses the lemure.
The lemure is moderately wounded.
The lemure hits you but does no damage.
A lemure comes into view.
You block the lemure's attack.
You hit the lemure but do no damage.
The lemure is moderately wounded.
The lemure hits you but does no damage.
You sock the lemure!
The lemure is almost dead.
The lemure hits you.
* * * LOW HITPOINT WARNING * * *
You barely miss the lemure.
The lemure is almost dead.
The lemure hits you.
* * * LOW HITPOINT WARNING * * *
You sock the lemure!
You kill the lemure!
That felt strangely unrewarding.
The howler monkey hoots and howls with incredible vigour!
You hear a shout! x3
The howler monkey hits you but does no damage.
Grinder comes into view.
The howler monkey hits you but does no damage.
You completely miss the howler monkey. Your headbutt misses the howler monkey.
Grinder blinks!
The howler monkey hits you.
You die...

## ####### ###.###
......####### ###......
######........####........
#.......§5....##.......##.
#......##K#...#..5...###
#.....†##h##..5....###
#.....###@###.....##
#...<.# #.# #...###
###..### #.# #..## #....#
#.# #.## #.##.# .(. #.#
#<...# ... ..# #.####
.......# #.# .....#.# #.#
.......


You could see Pikel, a lemure and a howler monkey.

Vanquished Creatures
  2 lemures (D:5)
  A necrophage (D:5)
  A howler monkey (D:5)
  A hound (D:5)
  A jelly (D:3)
  7 adders
  An ufetubus (D:4)
  3 worms
  A dart slug (D:1)
  2 orcs
  3 bats
  7 endoplasms
  2 giant cockroaches
  3 goblins (D:1)
  7 hobgoblins
  2 quokkas
  4 ball pythons
  2 frilled lizards
  5 kobolds
  9 rats
64 creatures vanquished.

Notes
Turn   | Place    | Note
-------+----------+-------------------------------------------
     0 | D:1      | b0ghi the Minotaur Fighter began the quest for the Orb.
     0 | D:1      | Reached XP level 1. HP: 19/19 MP: 0/0
   111 | D:1      | Reached XP level 2. HP: 17/27 MP: 1/1
   189 | D:1      | Reached skill level 4 in Fighting
   710 | D:2      | Reached XP level 3. HP: 26/33 MP: 2/2
   864 | D:2      | Reached XP level 4. HP: 41/41 MP: 3/3
  1612 | D:3      | Found a shadowy altar of Dithmenos.
  1636 | D:3      | Reached XP level 5. HP: 11/47 MP: 4/4
  1789 | D:3      | Found an ancient bone altar of Kikubaaqudgha.
  2006 | D:4      | Reached skill level 5 in Fighting
  2039 | D:4      | Found a staircase to the Ecumenical Temple.
  2051 | Temple   | Entered the Ecumenical Temple
  2298 | Temple   | Became a worshipper of Warmaster Okawaru
  2675 | D:5      | Entered Level 5 of the Dungeon
  2683 | D:5      | Reached XP level 6. HP: 56/56 MP: 5/5
  2716 | D:5      | Noticed Pikel
  2768 | D:5      | HP: 2/56 [lemure[Pikel] (4)]
  2770 | D:5      | Noticed Grinder
  2771 | D:5      | Slain by a howler monkey

Illustrated notes

Levels and vault maps discovered:
D:1:      dpeg_arrival_court, layout_basic
D:2:      layout_rooms, serial_aquarium, aquarium_bridge_straight
          [aquarium_subvault_bridge, aquarium_subvault_wall,
          aquarium_subvault_bridge, aquarium_subvault_window],
          aquarium_bridge_straight [aquarium_subvault_bridge,
          aquarium_subvault_wall, aquarium_subvault_bridge,
          aquarium_subvault_window], aquarium_window_1, aquarium_window_2,
          aquarium_window_fake, aquarium_view_2f
D:3:      layout_basic, kiku_gazebo_pond_becter, grunt_dithmenos_smoke
D:4:      layout_rooms, temple_fountains
D:5:      layout_loops_ring, nicolae_tso_carved_into_rock,
          chequers_serial_rivers_micro_c, uniq_grinder, uniq_pikel
Temple:   regret_index_temple_generic_petals

Skill      XL: |  1  2  3  4  5 |
---------------+----------------+-----
Fighting       | 4 5 |  5.5
Maces & Flails | 3 4 |  4.8
Shields        | 4 |  4.8
Armour         | 4 |  4.7

Action                   |  1- 3 |  4- 6 || total
-------------------------+-------+-------++-------
Melee: Flail             |    72 |    95 ||   167
       Headbutt          |     5 |    15 ||    20
Armor: Scale mail        |    44 |     1 ||    45
       Chain mail        |       |    49 ||    49
Dodge: Dodged            |    45 |    34 ||    79
Block: Buckler           |    21 |    22 ||    43

Table legend: (Time is in decaauts)
 A = Elapsed time spent in this place.
 B = Non-inter-level travel time spent in this place.
 C = Inter-level travel time spent in this place.
 D = Time resting spent in this place.
 E = Time spent auto-exploring this place.
 F = Levels seen in this place.
 G = Mean time per level.
                   A        B        C        D        E       F      G
               +--------+--------+--------+--------+--------+-----+--------+
         Total |   2811 |   2717 |     94 |      0 |   2167 |   6 |  468.5 |
       Dungeon |   2547 |   2498 |     49 |      0 |   1952 |   5 |  509.4 |
        Temple |    264 |    219 |     45 |      0 |    215 |   1 |  264.0 |
               +--------+--------+--------+--------+--------+-----+--------+

Top non-repeatable levels by time:
     D:3: 707 daAuts
     D:2: 683 daAuts
     D:1: 615 daAuts
     D:4: 436 daAuts
  Temple: 264 daAuts
     D:5: 104 daAuts
